 Dungeon Crawl Stone Soup version 0.29.0-4-gdea44cf6ec (webtiles) character file.

Game seed: 16635851506748174419

3 qw the Trooper (level 1, 0/18 HPs)
             Began as a Barachi Chaos Knight on Sept 6, 2022.
             Slain by a sixfirhy (11 damage)
             ... summoned by Xom
             ... on level 1 of the Dungeon.
             The game lasted 00:00:03 (119 turns).

qw the Trooper (Barachi Chaos Knight)                Turns: 119, Time: 00:00:04

Health: 0/18       AC:  5    Str: 13    XL:     1   Next: 50%
Magic:  1/1        EV: 11    Int: 12    God:
Gold:   8          SH:  0    Dex: 11    Spells: 0/0 levels left

rFire   . . .      SeeInvis .   a - +0 hand axe (chaos)
rCold   . . .      Faith    .   (no shield)
rNeg    . . .      Spirit   .   b - +2 leather armour
rPois   .          Reflect  .   (no helmet)
rElec   .          Harm     .   (no cloak)
rCorr   .          Rampage  .   (no gloves)
Will    .....                   (no boots)
Stlth   +.........              (no amulet)
HPRegen 0.06/turn               (no ring)
MPRegen 0.07/turn               (no ring)

@: slow
A: amphibious, slowness 1, strong legs 1, +LOS
a: Hop


You were on level 1 of the Dungeon.
You visited 1 branch of the dungeon, and saw 1 of its levels.

You collected 8 gold pieces.


Innate Abilities, Weirdness & Mutations

You are amphibious.
You cover ground slowly.
You can hop short distances.
You have an extended range of vision and can be seen from far away.


   Skills:
 - Level 3.6 Fighting
 + Level 3.5 Axes
 - Level 2.4 Armour
 - Level 1.1 Dodging


You couldn't memorise any spells.
You didn't know any spells.
Your spell library was empty.

Inventory:

Hand Weapons
 a - a +0 hand axe of chaos (weapon)
Armour
 b - a +2 leather armour (worn)
 f - a +0 plate armour
Scrolls
 g - a scroll of teleportation {unknown}
Potions
 d - 2 potions of invisibility {unknown}
 e - a potion of curing {unknown}
 h - a potion of berserk rage {unknown}
Miscellaneous
 c - a piece from Xom's chessboard (15/15)

Dungeon Overview and Level Annotations

Branches:
Dungeon (1/15)

Altars:


Message History

You barely miss the hobgoblin. The hobgoblin hits you.
You hit the hobgoblin.
You kill the hobgoblin!
You hit the giant cockroach. The giant cockroach misses you.
The giant cockroach barely misses you.
You barely miss the giant cockroach.
The giant cockroach is lightly wounded.
The giant cockroach misses you.
You closely miss the giant cockroach.
The giant cockroach is lightly wounded.
The giant cockroach barely misses you.
You hit the giant cockroach but do no damage.
The giant cockroach is poisoned.
The giant cockroach is lightly wounded.
The giant cockroach bites you.
You hit the giant cockroach but do no damage.
The giant cockroach is heavily wounded.
The giant cockroach closely misses you. The giant cockroach bites you.
You hit the giant cockroach.
You kill the giant cockroach!
You start resting.
You hear Xom's maniacal laughter.
A white imp comes into view.
You hit the sixfirhy.
The sixfirhy is lightly wounded.
You hit the quasit but do no damage. You hit the shadow imp.
The shadow imp is poisoned.
You hit the white imp. You closely miss the ufetubus.
You hit the white imp but do no damage. You hit the hellwing but do no damage.
You barely miss the sixfirhy.
The sixfirhy is lightly wounded.
You hit the white imp but do no damage. You hit the ufetubus but do no damage.
You closely miss the white imp. You barely miss the hellwing.
You miss the quasit. You closely miss the shadow imp.
The white imp blinks!
The sixfirhy hits you but does no damage.
The sixfirhy hits you!
Ouch! That really hurt!
You die...

..## ###. ##...
##...# #...## ..
##### #..... ....
#4.3# #...##
......#5#5######
##...#
......53@45....#
##...
#####.#5555....##
###.
#.#4#.4(....## ##
# #.#.###....###
#.#.. ##.....####
#.#.#.
##.......###
#.#.##
####....... #.#.#
####.... ....#
#####


You could see an orange demon (summoned), a hellwing (summoned), an ice devil
(summoned), a rust devil (summoned), a sixfirhy (summoned), a smoke demon
(summoned), a quasit (summoned), 3 white imps, 2 shadow imps and 2 ufetubi.

Vanquished Creatures
  A giant cockroach (D:1)
  A hobgoblin (D:1)
  A frilled lizard (D:1)
3 creatures vanquished.

Notes
Turn   | Place    | Note
-------+----------+-------------------------------------------
     0 | D:1      | qw the Barachi Chaos Knight began the quest for the Orb.
     0 | D:1      | Reached XP level 1. HP: 18/18 MP: 1/1
     0 | D:1      | 0 ||| qw: Version: 0.1-a-108-g9e35731
     0 | D:1      | 0 ||| qw: Game counter: 6236
     0 | D:1      | 0 ||| qw: Always use a shield: true
     0 | D:1      | 0 ||| qw: God list: Okawaru
     0 | D:1      | 0 ||| qw: Allow faded altars: false
     0 | D:1      | 0 ||| qw: Do Orc after D:15 true
     0 | D:1      | 0 ||| qw: Do second Lair branch before Depths: true
     0 | D:1      | 0 ||| qw: Lair rune preference: random
     0 | D:1      | 0 ||| qw: Plans: Normal
     0 | D:1      | 0 ||| PLANNING D:1-11
     0 | D:1      | Fell from the grace of Xom
    91 | D:1      | 91 ||| Stepping ~*~*~tactically~*~*~ (stealth).
    92 | D:1      | 92 ||| Stepping ~*~*~tactically~*~*~ (stealth).
   117 | D:1      | XOM: summons 14 hostile demons
   118 | D:1      | Noticed a smoke demon
   118 | D:1      | Noticed an orange demon
   118 | D:1      | Noticed an ice devil
   118 | D:1      | Noticed a sixfirhy
   118 | D:1      | Noticed a quasit
   118 | D:1      | Noticed a hellwing
   118 | D:1      | Noticed a rust devil
   119 | D:1      | Slain by a sixfirhy

Levels and vault maps discovered:
D:1:      dpeg_arrival_circle_labyrinth_c, layout_basic, serial_shops,
          shop_coins, corexii_item_surrounded_by_moat, minmay_heptomino_w4

Action                   || total
-------------------------++-------
Melee: Hand axe          ||    11
Invok: Renounce Religion ||     1
Armor: Leather armour    ||     1
Dodge: Dodged            ||     8

Table legend:
 A = Non-vault XP
 B = Vault XP
 C = Vault XP percentage of total XP
 D = Non-vault monster count
 E = Vault monster count
 F = Vault count percentage of total count
                 A         B        C        D         E       F
            +---------+---------+-------+---------+---------+-------
      Total |       5 |       0 |   0.0 |       3 |       0 |   0.0
            +---------+---------+-------+---------+---------+-------
        D:1 |       5 |       0 |   0.0 |       3 |       0 |   0.0
            +---------+---------+-------+---------+---------+-------
